 Dungeon Crawl Stone Soup version 0.31-a0-698-g4a7cf283bb (webtiles) character file.

Game seed: 16835618233242351403

448 qw the Shooter (level 7, -2/43 HPs)
             Began as a Gargoyle Hunter on Sept 7, 2023.
             Was an Initiate of Okawaru.
             Slain by a gnoll
             ... wielding a +0 spear
              (5 damage)
             ... on level 4 of the Dungeon.
             The game lasted 00:01:45 (3270 turns).

qw the Shooter (Gargoyle Hunter)                    Turns: 3270, Time: 00:01:46

Health: -2/43      AC: 13    Str: 15    XL:     7   Next: 3%
Magic:  7/7        EV: 11    Int:  9    God:    Okawaru [......]
Gold:   170        SH:  0    Dex: 15    Spells: 6/6 levels left

rFire   + + .        Y - +1 shortbow
rCold   . . .        (shield currently unavailable)
rNeg    + . .        a - +2 ring mail {rF+}
rPois   inf          h - +0 helmet
rElec   +            (no cloak)
rCorr   .            (no gloves)
SInv    .            (no boots)
Will    .....        (no amulet)
Stlth   +            i - ring of protection from fire
HPRegen 0.27/turn    (no ring)
MPRegen 0.10/turn

%: no passive effects
@: no status effects
A: sickness immunity, AC +4, negative energy resistance 1, electricity
resistance, torment resistance 1, petrification resistance
a: Renounce Religion


You were on level 4 of the Dungeon.
You worshipped Okawaru.
Okawaru was noncommittal.
You visited 1 branch of the dungeon, and saw 4 of its levels.

You collected 170 gold pieces.


Innate Abilities, Weirdness & Mutations

You are immune to sickness and miasma.
Your stone body is resilient. (AC +4)
You are immune to poison.
You resist negative energy. (rN+)
You are resistant to electric shocks. (rElec)
You are resistant to unholy torment.
You are immune to petrification.


   Skills:
 - Level 4.0 Fighting
 + Level 7.3 Ranged Weapons
 - Level 1.4 Armour
 - Level 1.5 Dodging
 - Level 1.1 Stealth


You had 6 spell levels left.
You didn't know any spells.
Your spell library was empty.

Inventory:

Hand Weapons
 Y - a +1 shortbow (weapon)
Armour
 a - a +2 ring mail of fire resistance (worn)
 g - a +3 leather armour
 h - a +0 helmet (worn)
Jewellery
 i - a ring of protection from fire (left hand)
Wands
 d - a wand of digging (5)
Scrolls
 j - a scroll of identify {unknown}
Potions
 b - a potion of mutation {unknown}
 c - a potion of enlightenment
 e - a potion of attraction {unknown}
 f - a potion of invisibility {unknown}
 k - a potion of curing {unknown}

Dungeon Overview and Level Annotations

Branches:
Dungeon (4/15)
 Temple: D:4-7

Altars:
Nemelex Xobeh
Okawaru
Trog
Uskayaw
Yredelemnul

Annotations:
D:4 3 runed translucent doors, qw's ghost, amateur GrHu


Message History

The gnoll barely misses you. The orc closely misses you.
The gnoll hits you but does no damage.
You shoot an arrow.
The arrow hits the gnoll but does no damage.
The gnoll is moderately wounded.
The orc hits you but does no damage. The gnoll barely misses you. x2
The orc misses you. The gnoll hits you but does no damage.
You shoot an arrow. The arrow hits the gnoll!
You kill the gnoll!
Okawaru accepts your kill. The orc barely misses you.
The gnoll hits you but does no damage. The gnoll hits you with a +0 club.
You have reached level 7!
You shoot an arrow. The arrow hits the gnoll.
The gnoll is heavily wounded.
The orc barely misses you. The gnoll hits you but does no damage.
An orc comes into view. It is wielding a +0 falchion.
The orc barely misses you. The gnoll hits you but does no damage.
You shoot an arrow. The orc shouts!
The arrow hits the gnoll.
The gnoll is heavily wounded.
You hear a bark!
The orc completely misses you. The gnoll closely misses you.
The orc hits you with a +0 club. The gnoll hits you with a +0 club.
You shoot an arrow. The arrow hits the gnoll.
The gnoll is almost dead.
The gnoll hits you but does no damage. The orc hits you but does no damage.
The gnoll hits you but does no damage. The orc hits you but does no damage.
You shoot an arrow. The arrow hits the gnoll.
You kill the gnoll!
Okawaru accepts your kill.
A jackal comes into view.
The orc closely misses you. The gnoll barely misses you.
You shoot an arrow. The arrow barely misses the orc.
The orc hits you with a +1 heavy hand axe.
The gnoll hits you from afar with a +0 spear.
The orc hits you with a +0 club.
The gnoll hits you from afar with a +0 spear.
You die...

#~~~~~~~~~%~~~~~~~~~~~~~~~~~~####
#..%.......%..........%......#.gg
#+############################...
#,,,,,,,,,,,,,,,,,,,,,,,+,,,,#'##
*****####################,,,,,,#.
*,*,,.......#8..8#...h..#,,,,**#.
*,*,,.......'....'go8#,,**''**,#.
*,',,.......'...o)..8#,,,,,,,,,#.
*,*,,.....o.#..o@#!..oo..,,,,,,#.
*'**''#######..).########*''**,#.
,,,,,,,*,,,,#....#,,,,*,*,,,.###.
,,,,,,,*,**,#)...#**,**,*,,,,..#.
#,,,,,,,,,,,#....#,,,,,,',,,,#o##
#############)'''#############.o.
#.K..........))..............#ogo
#~~~~~~~~~~~~....~~~~~~)~~~~~####
~~~~~~~~~~~~~....~~~~~~~~~~~~~~~~


You could see a gnoll, 3 orcs and a jackal.

Vanquished Creatures
  A gnoll sergeant (D:4)
  2 hounds (D:4)
  A gnoll bouda (D:4)
  Jessica (D:3)
  Natasha (D:3)
  A scorpion zombie (D:4)
  A hound zombie (D:4)
  4 adders (D:2)
  4 gnolls (D:4)
  A worm (D:2)
  15 orcs
  6 endoplasms
  4 giant cockroaches
  7 goblins
  10 hobgoblins
  16 jackals
  10 kobolds
  6 quokkas
  6 ball pythons
  4 bats
  5 frilled lizards
  7 rats
113 creatures vanquished.

Notes
Turn   | Place    | Note
-------+----------+-------------------------------------------
     0 | D:1      | qw the Gargoyle Hunter began the quest for the Orb.
     0 | D:1      | Reached XP level 1. HP: 12/12 MP: 1/1
     0 | D:1      | 0 ||| qw: Version: 0.3-a-76-g4403597
     0 | D:1      | 0 ||| qw: Game counter: 394
     0 | D:1      | 0 ||| qw: Melee chars always use a shield: true
     0 | D:1      | 0 ||| qw: God list: Okawaru
     0 | D:1      | 0 ||| qw: Allow faded altars: false
     0 | D:1      | 0 ||| qw: Do Orc after clearing Dungeon:15 true
     0 | D:1      | 0 ||| qw: Do second Lair branch before Depths: true
     0 | D:1      | 0 ||| qw: Lair rune preference: random
     0 | D:1      | 0 ||| qw: Goals: Normal
     0 | D:1      | 0 ||| PLANNING D:1-11
   108 | D:1      | Reached XP level 2. HP: 17/17 MP: 2/2
   341 | D:1      | Found a faded altar of an unknown god.
   479 | D:1      | Reached XP level 3. HP: 21/21 MP: 3/3
   614 | D:1      | Reached skill level 5 in Ranged Weapons
   746 | D:1      | 746 ||| UPGRADING to +3 leather armour.
   756 | D:1      | 756 ||| DROPPING +0 leather armour.
   757 | D:1      | 757 ||| UPGRADING to +0 helmet.
   762 | D:1      | 762 ||| DROPPING +6 ring of intelligence.
   763 | D:1      | 763 ||| UPGRADING to ring of protection from fire.
   764 | D:1      | 764 ||| READING scroll labelled QAGOZA POZO.
   765 | D:1      | 765 ||| READING scroll labelled CIRUAD AQOWOFUPH.
   766 | D:1      | 766 ||| READING scroll labelled VOLAL MYSYM.
   767 | D:1      | 767 ||| DROPPING scroll of butterflies.
   866 | D:2      | Reached skill level 3 in Fighting
   996 | D:2      | Reached XP level 4. HP: 28/28 MP: 4/4
  1505 | D:2      | 1505 ||| DROPPING scarf of shadows.
  1506 | D:2      | 1506 ||| READING scroll labelled QUIDDA YTIUNOY.
  1507 | D:2      | 1507 ||| READING scroll labelled AME DUOFIOVVIDD.
  1580 | D:3      | 1580 ||| FLEEEEING.
  1581 | D:3      | 1581 ||| FLEEEEING.
  1779 | D:3      | Reached XP level 5. HP: 32/32 MP: 5/5
  1798 | D:3      | Noticed Jessica
  1803 | D:3      | Killed Jessica
  1804 | D:3      | Reached skill level 6 in Ranged Weapons
  2148 | D:3      | Noticed Natasha
  2166 | D:3      | Killed Natasha
  2167 | D:3      | Reached skill level 1 in Armour
  2314 | D:3      | 2314 ||| UPGRADING to +2 ring mail of fire resistance.
  2324 | D:3      | 2324 ||| READING scroll labelled FYERULU ALAGA.
  2328 | D:3      | 2328 ||| DRINKING 2 yellow potions.
  2518 | D:4      | Found an iron altar of Okawaru.
  2519 | D:4      | 2519 ||| PLANNING OKAWARU WORSHIP
  2523 | D:4      | Became a worshipper of Warmaster Okawaru
  2524 | D:4      | 2524 ||| PLANNING D:1-11
  2544 | D:4      | Found a hide-covered altar of Uskayaw.
  2631 | D:4      | Found a sparkling altar of Nemelex Xobeh.
  2702 | D:4      | Reached XP level 6. HP: 36/38 MP: 6/6
  2717 | D:4      | 2717 ||| FLEEEEING.
  2718 | D:4      | 2718 ||| FLEEEEING.
  2719 | D:4      | 2719 ||| FLEEEEING.
  2720 | D:4      | 2720 ||| FLEEEEING.
  2721 | D:4      | 2721 ||| FLEEEEING.
  2722 | D:4      | 2722 ||| FLEEEEING.
  2723 | D:4      | 2723 ||| FLEEEEING.
  2758 | D:4      | 2758 ||| Stepping ~*~*~tactically~*~*~ (water).
  2930 | D:4      | Found a bloodstained altar of Trog.
  2955 | D:4      | Found a runed translucent gate.
  2955 | D:4      | Found a runed translucent gate.
  2955 | D:4      | Found a runed translucent gate.
  2955 | D:4      | Noticed qw's ghost (amateur GrHu)
  2958 | D:4      | 2958 ||| READING scroll labelled YJEODGHUTOS.
  2958 | D:4      | Found a basalt altar of Yredelemnul.
  3102 | D:4      | HP: 9/38 [gnoll sergeant/+0 spear (7)]
  3106 | D:4      | Reached skill level 7 in Ranged Weapons
  3121 | D:4      | 3121 ||| FLEEEEING.
  3122 | D:4      | 3122 ||| FLEEEEING.
  3123 | D:4      | 3123 ||| FLEEEEING.
  3242 | D:4      | 3242 ||| Stepping ~*~*~tactically~*~*~ (outnumbered).
  3244 | D:4      | 3244 ||| Stepping ~*~*~tactically~*~*~ (outnumbered).
  3266 | D:4      | Reached XP level 7. HP: 18/43 MP: 7/7
  3270 | D:4      | HP: 9/43 [orc/+1 heavy hand axe (4)]
  3270 | D:4      | HP: 3/43 [orc/+0 club (3)]
  3270 | D:4      | Slain by a gnoll

Levels and vault maps discovered:
D:1:      dpeg_arrival_erosion, layout_basic, shapermc_ecumenical_altar_venn,
          minmay_misc_feat_four_crosses
D:2:      layout_basic, kennysheep_another_room, minmay_ruptured
D:3:      minmay_general_purpose_star, layout_rooms, grunt_decor_mini_mirrors,
          amcnicky_mini_rare_corridor_liquid, uniq_jessica, uniq_natasha
D:4:      lemuel_castle_with_subvaults [lemuel_castle_interior_carwin_2],
          layout_basic, kennysheep_little_box, mainiacjoe_overflow_alcove_1,
          nicolae_yredelemnul_ghost_church, marbit_many_paths,
          lemuel_round_altar, kennysheep_generic_room_13

Skill      XL: |  1  2  3  4  5  6 |
---------------+-------------------+-----
Ranged Weapons | 5 6 7 |  7.3
Fighting       | 3 4 |  4.0
Armour         | 1 |  1.4
Dodging        | |  1.5
Stealth        | |  1.1

Action                     |  1- 3 |  4- 6 |  7- 9 || total
---------------------------+-------+-------+-------++-------
   Fire: Shortbow          |   105 |   316 |     5 ||   426
    Use: Scroll            |     3 |     4 |       ||     7
         Potion            |       |     1 |       ||     1
 Armour: Leather armour    |    26 |    63 |       ||    89
         Ring mail         |       |   103 |    12 ||   115
  Dodge: Dodged            |    31 |   129 |     6 ||   166

Table legend:
 A = Non-vault XP
 B = Vault XP
 C = Vault XP percentage of total XP
 D = Non-vault monster count
 E = Vault monster count
 F = Vault count percentage of total count
                 A         B        C        D         E       F
            +---------+---------+-------+---------+---------+-------
      Total |     210 |     430 |  67.2 |      74 |      39 |  34.5
            +---------+---------+-------+---------+---------+-------
        D:1 |      39 |       0 |   0.0 |      24 |       0 |   0.0
        D:2 |      72 |      17 |  19.1 |      22 |       3 |  12.0
        D:3 |      35 |      81 |  69.8 |      16 |       6 |  27.3
        D:4 |      64 |     332 |  83.8 |      12 |      30 |  71.4
            +---------+---------+-------+---------+---------+-------
